Map: Ever Dream LE

Players

noahneevz

  • Race: Terran Terran
  • League: Gold
  • Spawn Location: 1:00

antagomiR - Winner!

  • Race: Protoss Protoss
  • League: Gold
  • Spawn Location: 7:00

VOD

Have the link to the VOD?

Description

Time

  • Played on: April 11, 2020, 6:28 p.m.
  • Length: 1:02
Show
View Real Time Build Order
Export as new Build Order

noahneevz Terran 

Build Orders:  

Get SALT Encoding   

  12  0:02  SCV  
  13  0:15  SCV  
  14  0:25  Supply Depot  
  14  0:27  Refinery  
  14  0:29  SCV  
  15  0:48  Barracks  
  15  0:49  SCV  
  16  0:57  Refinery  
Show
View Real Time Build Order
Export as new Build Order

antagomiR Protoss - Winner!

Build Orders:  

Get SALT Encoding   

  12  0:01  Probe  
  13  0:13  Probe  
  14  0:19  Pylon  
  14  0:25  Probe  
  15  0:41  Gateway  
  15  0:43  Probe (Chrono Boost)  
  16  0:54  Probe (Chrono Boost)  
  17  1:00  Assimilator  
Tags
 
League
GoldGold
Matchup
PvT
Replay Pack
20200422
Spawn Locations
Cross Positions
Add a new tag
Caveats
  • Supply blocks, unpowered buildings, or Contaminate may cause inaccurate times.
  • Supply counts are checked every 10 seconds.